 Dungeon Crawl Stone Soup version 0.31-a0-188-g5e087ee2ca (webtiles) character file.

Game seed: 13371026917958185216

37 qw the Shooter (level 3, 0/20 HPs)
             Began as a Deep Elf Hunter on June 22, 2023.
             Slain by a hobgoblin (2 damage)
             ... led by Robin
             ... on level 2 of the Dungeon.
             The game lasted 00:00:22 (1058 turns).

qw the Shooter (Deep Elf Hunter)                    Turns: 1058, Time: 00:00:23

Health: 0/20       AC:  5    Str: 10    XL:     3   Next: 21%
Magic:  5/5        EV: 11    Int: 13    God:
Gold:   53         SH:  0    Dex: 18    Spells: 2/2 levels left

rFire   . . .        Y - +0 shortbow (elec)
rCold   . . .        (shield currently unavailable)
rNeg    + . .        e - +0 ring mail
rPois   .            (no helmet)
rElec   .            (no cloak)
rCorr   .            (no gloves)
SInv    .            (no boots)
Will    .....        (no amulet)
Stlth   +            j - ring of positive energy
HPRegen 0.23/turn    (no ring)
MPRegen 0.09/turn

%: no passive effects
@: no status effects
A: no striking features
a: no special abilities


You were on level 2 of the Dungeon.
You visited 1 branch of the dungeon, and saw 2 of its levels.

You collected 53 gold pieces.


   Skills:
 - Level 1.5 Fighting
 + Level 6.8 Ranged Weapons
 - Level 2.4 Dodging
 - Level 1.2 Stealth


You had 2 spell levels left.
You didn't know any spells.
Your spell library was empty.

Inventory:

Hand Weapons
 Y - a +0 shortbow of electrocution (weapon)
Armour
 e - a +0 ring mail (worn)
Jewellery
 j - a ring of positive energy (left hand)
Scrolls
 a - a scroll of identify {unknown}
 b - a scroll of silence {unknown}
 f - a scroll of fog {unknown}
 g - a scroll of revelation {unknown}
 h - a scroll of poison {unknown}
Potions
 c - 2 potions of lignification {unknown}
 d - 2 potions of heal wounds {unknown}
 i - a potion of curing {unknown}

Dungeon Overview and Level Annotations

Branches:
Dungeon (2/15)

Altars:

Annotations:
D:2 Jessica, Robin


Message History

The goblin is heavily wounded.
The hobgoblin hits you. The goblin closely misses you.
You shoot an arrow. The arrow hits the goblin.
Lightning courses through the goblin!
You kill the goblin!
Robin throws the goblin at you! The hobgoblin barely misses you.
The goblin hits you with a +0 club.
The goblin unwields a +0 sling.
The goblin wields a +0 club.
The goblin barely misses you.
You shoot an arrow.
The arrow hits the goblin but does no damage.
The hobgoblin barely misses you.
A goblin comes into view. It is wielding a +0 dagger.
The goblin hits you with a +0 club. The goblin barely misses you.
You shoot an arrow. The arrow closely misses the goblin.
The hobgoblin no longer looks unusually strong.
The goblin no longer looks unusually strong.
The hobgoblin hits you but does no damage.
The goblin closely misses you. The goblin misses you.
You shoot an arrow. The arrow closely misses the goblin.
The goblin no longer looks unusually strong.
The hobgoblin barely misses you.
Robin roars a battlecry!
The goblins go into a battle-frenzy!
The goblin hits you but does no damage. x2; The hobgoblin closely misses you.
The goblin hits you but does no damage.
You shoot an arrow. The arrow hits the goblin.
The goblin is severely wounded.
The goblin no longer looks unusually strong.
The goblin hits you but does no damage. The hobgoblin barely misses you.
The goblin closely misses you. The goblin barely misses you.
You shoot an arrow. The arrow hits the goblin.
You kill the goblin!
The hobgoblin hits you.
You shoot an arrow. The arrow hits the goblin!
You kill the goblin!
The hobgoblin hits you.
You shoot an arrow. The arrow closely misses the goblin.
The goblin no longer looks unusually strong.
The goblin hits you but does no damage. The hobgoblin hits you.
You die...

#### .... .....# ... #.#
#.###### .g)
..#.#..###......#
...g.#...#....#......#
..g.g#..#.....#......####
..g.g...#.#...#..........
...g..#g.....#......#
.##..#.#@#....#......####
......#gg................
#.........##.#######
#.....#.%...>.....#...
#..?#.^##....#..........
...#.....................
.....#..######.)...).....
. .....## #...........
##### #........<...


You could see a hobgoblin (strong) and 2 goblins.

Vanquished Creatures
  3 endoplasms
  3 giant cockroaches
  10 goblins
  3 hobgoblins
  4 kobolds
  2 quokkas (D:1)
  2 bats (D:1)
  2 frilled lizards
29 creatures vanquished.

Notes
Turn   | Place    | Note
-------+----------+-------------------------------------------
     0 | D:1      | qw the Deep Elf Hunter began the quest for the Orb.
     0 | D:1      | Reached XP level 1. HP: 12/12 MP: 3/3
     0 | D:1      | 0 ||| qw: Version: 0.3-a-9-g12657ce
     0 | D:1      | 0 ||| qw: Game counter: 3035
     0 | D:1      | 0 ||| qw: Always use a shield: true
     0 | D:1      | 0 ||| qw: God list: Okawaru
     0 | D:1      | 0 ||| qw: Allow faded altars: false
     0 | D:1      | 0 ||| qw: Do Orc after D:15 true
     0 | D:1      | 0 ||| qw: Do second Lair branch before Depths: true
     0 | D:1      | 0 ||| qw: Lair rune preference: random
     0 | D:1      | 0 ||| qw: Plans: Normal
     0 | D:1      | 0 ||| PLANNING D:1-11
   207 | D:1      | 207 ||| FLEEEEING.
   208 | D:1      | 208 ||| FLEEEEING.
   209 | D:1      | 209 ||| FLEEEEING.
   210 | D:1      | 210 ||| FLEEEEING.
   211 | D:1      | 211 ||| FLEEEEING.
   279 | D:1      | Reached XP level 2. HP: 16/16 MP: 4/4
   307 | D:1      | Reached skill level 6 in Ranged Weapons
   934 | D:1      | 934 ||| UPGRADING to +0 ring mail.
   944 | D:1      | 944 ||| DROPPING +0 leather armour.
   945 | D:1      | 945 ||| DROPPING ring of flight.
   946 | D:1      | 946 ||| UPGRADING to ring of positive energy.
   947 | D:1      | 947 ||| READING scroll labelled JEUQA POWI YFU.
   948 | D:1      | 948 ||| READING scroll labelled FEAMNUD XOBRYO.
   949 | D:1      | 949 ||| READING scroll labelled YGHOGA VIUXO.
   950 | D:1      | 950 ||| DROPPING scroll of butterflies.
   994 | D:2      | Noticed Jessica
  1040 | D:2      | Reached XP level 3. HP: 20/20 MP: 5/5
  1041 | D:2      | Noticed Robin
  1044 | D:2      | 1044 ||| FLEEEEING.
  1045 | D:2      | 1045 ||| Stepping ~*~*~tactically~*~*~ (outnumbered).
  1052 | D:2      | HP: 4/20 [goblin/+0 club[Robin] (2)]
  1057 | D:2      | HP: 2/20 [hobgoblin[Robin] (1)]
  1058 | D:2      | Slain by a hobgoblin

Levels and vault maps discovered:
D:1:      evilmike_arrival_fibonacci_small, layout_basic,
          chequers_serial_rivers_micro_e
D:2:      minmay_roachtagon, layout_rooms, hangedman_decor_peaks_small,
          uniq_terence, uniq_jessica, uniq_robin

Skill      XL: |  1  2 |
---------------+-------+-----
Ranged Weapons | 6 |  6.8
Fighting       | |  1.5
Dodging        | |  2.4
Stealth        | |  1.2

Action                     || total
---------------------------++-------
   Fire: Shortbow          ||    79
    Use: Scroll            ||     3
 Armour: Leather armour    ||     4
         Ring mail         ||     8
  Dodge: Dodged            ||    19

Table legend:
 A = Non-vault XP
 B = Vault XP
 C = Vault XP percentage of total XP
 D = Non-vault monster count
 E = Vault monster count
 F = Vault count percentage of total count
                 A         B        C        D         E       F
            +---------+---------+-------+---------+---------+-------
      Total |      37 |      16 |  30.2 |      21 |       8 |  27.6
            +---------+---------+-------+---------+---------+-------
        D:1 |      29 |       0 |   0.0 |      16 |       0 |   0.0
        D:2 |       8 |      16 |  66.7 |       5 |       8 |  61.5
            +---------+---------+-------+---------+---------+-------
